 Dungeon Crawl Stone Soup version 0.24.1-14-gf8d2b509d9 (webtiles) character file.

Game seed: 9586955133656329610, levelgen mode: deterministic

158 Peloso the Slasher (level 5, -7/32 HPs)
             Began as a Vampire Fighter on May 26, 2020.
             Was an Initiate of Okawaru.
             Killed by divine providence
             ... invoked by an orc priest
              (16 damage)
             ... on level 3 of the Dungeon.
             The game lasted 00:05:15 (1881 turns).

Peloso the Slasher (Vampire Fighter)                Turns: 1881, Time: 00:05:16

Health: -7/32      AC: 10    Str: 16    XL:     5   Next: 16%
Magic:  5/5        EV:  4    Int: 11    God:    Okawaru [......]
Gold:   85         SH:  9    Dex: 13    Spells: 4/4 levels left

rFire    + . .     SeeInvis +   a - +0 long sword
rCold    + + .     Gourm    .   c - +0 shield
rNeg     + + +     Faith    .   q - +0 chain mail
rPois    ∞         Spirit   .   (no helmet)
rElec    .         Reflect  .   g - +0 cloak
rCorr    .         Harm     .   (no gloves)
MR       .....                  (no boots)
Stlth    +.........             k - amulet of regeneration
HPRegen  0.00/turn              h - ring of protection from fire
MPRegen  0.09/turn              (no ring)

@: bloodless
A: no food, fangs 3, see invisible, unbreathing
a: Bat Form, Revivify, Renounce Religion


You were on level 3 of the Dungeon.
You worshipped Okawaru.
Okawaru was noncommittal.
You were bloodless.

You visited 1 branch of the dungeon, and saw 3 of its levels.

You collected 85 gold pieces.

Inventory:

Hand Weapons
 a - a +0 long sword (weapon)
Armour
 b - a +0 scale mail
 c - a +0 shield (worn)
 g - a +0 cloak (worn)
 q - a +0 chain mail (worn)
Jewellery
 h - a ring of protection from fire (left hand)
 k - an amulet of regeneration (around neck)
Scrolls
 f - 2 scrolls of teleportation {unknown}
 i - a scroll of remove curse {unknown}
 l - a scroll of amnesia {unknown}
 m - 3 scrolls of identify {unknown}
 r - a scroll of immolation {unknown}
Potions
 d - a potion of might
 e - a potion of haste
 j - a potion of ambrosia {unknown}
 n - a potion of berserk rage
 o - a potion of heal wounds {unknown}
 p - a potion of curing {unknown}


   Skills:
 + Level 3.2 Fighting
 + Level 3.5 Long Blades
 + Level 3.0 Armour
 + Level 1.1 Dodging
 + Level 1.6 Stealth
 + Level 3.3 Shields


You had 4 spell levels left.
You didn't know any spells.
Your spell library was empty.

Dungeon Overview and Level Annotations

Branches:
Dungeon (3/15)

Altars:
Okawaru


Innate Abilities, Weirdness & Mutations

You do not eat.
You do not regenerate when monsters are visible.
You are frail without blood (-20% HP).
You can heal yourself when you bite living creatures.
You are immune to poison.
You have razor-sharp teeth.
You have supernaturally acute eyesight. (SInv)
You can survive without breathing.


Message History

Unknown command.
You barely miss the orc priest.
The orc priest is heavily wounded.
The orc priest barely misses you.
Unknown command.
You slash the orc priest!
The orc priest is almost dead.
The orc priest hits you but does no damage.
The orc priest looks encouraged for a moment.
You hit the orc priest but do no damage.
The orc priest is almost dead.
The orc priest hits you but does no damage.
The orc priest hits you with a +0 mace.
* * * LOW HITPOINT WARNING * * *
Your shield and chain mail prevent you from hitting the orc priest.
The orc priest is almost dead.
The orc priest mumbles some strange prayers to Beogh against you.
Beogh smites you!
Ouch! That really hurt!
You die...

#......#.....#
#########.##........######## #
..........................."
#(##.######.#..#......########
#.......)(....................
####.######.#......o.<######..
#..)..##........####
#####....######...#
#......##..@oo..#
#.##...##.###o..# #..+...'..#
#†..# ####...#### #...#
#...†.....# #...# #.........#
#...# #.%.).....# #...#
#.........# #...# #.........#
#..)#


You could see 2 orc priests and an orc.

Vanquished Creatures
  3 adders
  7 gnolls (D:2)
  2 worms
  2 dart slugs (D:1)
  A leopard gecko (D:2)
  5 orcs (D:3)
  A ball python (D:1)
  A giant cockroach (D:1)
  4 goblins
  5 hobgoblins
  5 jackals
  A kobold (D:1)
  4 bats
  6 frilled lizards
  6 rats
53 creatures vanquished.

Notes
Turn   | Place    | Note
-------+----------+-------------------------------------------
     0 | D:1      | Peloso the Vampire Fighter began the quest for the Orb.
     0 | D:1      | Reached XP level 1. HP: 17/17 MP: 1/1
    61 | D:1      | Reached XP level 2. HP: 6/18 MP: 2/2
   909 | D:2      | Reached XP level 3. HP: 17/23 MP: 3/3
  1012 | D:2      | Reached XP level 4. HP: 14/28 MP: 4/4
  1065 | D:2      | Reached skill level 1 in Stealth
  1402 | D:2      | Found an iron altar of Okawaru.
  1437 | D:2      | Became a worshipper of Warmaster Okawaru
  1737 | D:3      | Reached skill level 1 in Dodging
  1743 | D:3      | Reached XP level 5. HP: 23/32 MP: 5/5
  1881 | D:3      | Killed from afar by an orc priest

Levels and vault maps discovered:
D:1:      matt_arrival_spirals, layout_loops_cross
D:2:      layout_basic, nicolae_overflow_crystal_walls, serial_curves,
          eino_curves_04, eino_curves_04
D:3:      layout_basic, first_ration

Skill      XL: |  1  2  3  4  5 |
---------------+----------------+-----
Fighting       | 3 |  3.2
Shields        | 3 |  3.3
Long Blades    | 3 |  3.5
Stealth        | 1 |  1.6
Dodging        | 1 |  1.1
Armour         | 3 |  3.0

Action                   |  1- 3 |  4- 6 || total
-------------------------+-------+-------++-------
Melee: Long sword        |    86 |    89 ||   175
       Bite              |     9 |    10 ||    19
 Abil: Exsanguinate      |     1 |       ||     1
  Use: Potion            |       |     3 ||     3
 Stab: Sleeping          |     3 |     3 ||     6
Armor: Scale mail        |    39 |    13 ||    52
       Chain mail        |       |    12 ||    12
Dodge: Dodged            |    30 |    26 ||    56
Block: Shield            |    54 |    36 ||    90
       Rpst.: Long sword |    11 |    12 ||    23
